 Dungeon Crawl Stone Soup version 0.28-a0-991-g956f0ee3d5 (webtiles) character file.

Game seed: 4320807888064049433

5842 Decritt the Cleaver (level 10, -5/91 HPs)
             Began as a Minotaur Fighter on Dec 5, 2021.
             Was a Follower of the Shining One.
             Killed from afar by a gargoyle (17 damage)
             ... with a stone arrow
             ... on level 8 of the Dungeon.
             The game lasted 00:16:26 (10137 turns).

Decritt the Cleaver (Minotaur Fighter)             Turns: 10137, Time: 00:16:26

Health: -5/91      AC: 12    Str: 24    XL:     10   Next: 51%
Magic:  9/9        EV:  8    Int:  5    God:    the Shining One [*.....]
Gold:   400        SH:  6    Dex: 11    Spells: 9/9 levels left

rFire   . . .      SeeInvis +   a - +0 war axe
rCold   . . .      Faith    .   c - +0 buckler
rNeg    . . .      Spirit   .   d - +0 chain mail
rPois   .          Reflect  .   (helmet restricted)
rElec   .          Harm     .   (no cloak)
rCorr   .          Rampage  .   (no gloves)
Will    .....                   y - +0 pair of boots
Stlth   ..........              (no amulet)
HPRegen 0.25/turn               h - ring of see invisible
MPRegen 0.11/turn               z - ring of flight

@: flying, hasted, glowing, very quick
A: horns 2, retaliatory headbutt
a: Renounce Religion, Divine Shield


You were on level 8 of the Dungeon.
You worshipped the Shining One.
The Shining One was aware of your devotion.
You visited 2 branches of the dungeon, and saw 10 of its levels.
You also visited: Sewer.

You collected 400 gold pieces.

Inventory:

Hand Weapons
 a - a +0 war axe (weapon)
Missiles
 e - 28 poisoned darts (quivered)
 f - 3 boomerangs
 q - 4 javelins
Armour
 c - a +0 buckler (worn)
 d - a +0 chain mail (worn)
 y - a +0 pair of boots (worn)
Jewellery
 g - a ring of positive energy
 h - a ring of see invisible (left hand)
 z - a ring of flight (right hand)
Wands
 b - a wand of paralysis (14)
 w - a wand of digging (9)
 B - a wand of iceblast (17)
Scrolls
 k - 6 scrolls of teleportation {unknown}
 n - a scroll of brand weapon {unknown}
 p - a scroll of fog {unknown}
 t - a scroll of summoning {unknown}
 x - 2 scrolls of immolation
 C - 3 scrolls of acquirement {unknown}
 E - a scroll of fear {unknown}
Potions
 i - 5 potions of cancellation
 l - 5 potions of haste
 m - 2 potions of mutation
 o - 4 potions of heal wounds
 u - 2 potions of curing
 A - a potion of berserk rage {unknown}
 D - a potion of degeneration {unknown}


   Skills:
 + Level 9.3 Fighting
 * Level 12.2 Axes
 + Level 9.2 Armour
 + Level 9.3 Shields


You had 9 spell levels left.
You didn't know any spells.
Your spell library contained the following spells:

 Spells                   Type           Power      Damage    Failure   Level
 Animate Skeleton         Necr           0%         N/A       96%         1
 Apportation              Tloc           0%         N/A       96%         1
 Sandblast                Erth           0%         2d4       96%         1
 Summon Small Mammal      Summ           0%         N/A       96%         1
 Corpse Rot               Necr/Air       0%         N/A       99%         2
 Passwall                 Tmut/Erth      0%         N/A       99%         2
 Poisonous Vapours        Pois/Air       0%         N/A       99%         2
 Stone Arrow              Conj/Erth      0%         3d7       100%        3


Dungeon Overview and Level Annotations

Branches:
Dungeon (9/15)             Temple (1/1) D:6           Sewer (visited)
   Lair: D:8-11         Orc: D:9-12

Altars:
Ashenzari
Cheibriados
Elyvilon
Gozag
Hepliaklqana
Kikubaaqudgha
Makhleb
Nemelex Xobeh
Okawaru
Qazlal
Ru
Sif Muna
Trog
Uskayaw
Xom
Yredelemnul
Zin
The Shining One

Shops:
D:1 !


Innate Abilities, Weirdness & Mutations

You have a pair of horns on your head.
You reflexively headbutt those who attack you in melee.


Message History

A gargoyle comes into view. It is wielding a +6 quarterstaff.
Found 9 gold pieces.
Found a hazy altar of Hepliaklqana.
The gargoyle hits you with a +6 quarterstaff!
You hit the gargoyle.
The gargoyle is lightly damaged.
The gargoyle hits you with a +6 quarterstaff!
You slash the gargoyle!
The gargoyle is heavily damaged.
The gargoyle hurls a stone arrow at you.
The stone arrow hits you.
You hit the gargoyle but do no damage.
The gargoyle is heavily damaged.
You hit the gargoyle but do no damage.
The gargoyle is heavily damaged.
You block the gargoyle's attack.
You hit the gargoyle but do no damage.
The gargoyle is heavily damaged.
The gargoyle closely misses you.
You hit the gargoyle.
The gargoyle is heavily damaged.
The gargoyle hurls a stone arrow at you.
The stone arrow hits you!!
* * * LOW HITPOINT WARNING * * *
You hit the gargoyle but do no damage. Your headbutt misses the gargoyle.
The gargoyle is heavily damaged.
The gargoyle hurls a stone arrow at you.
The stone arrow hits you!
* * * LOW HITPOINT WARNING * * *
You hit the gargoyle but do no damage. Your headbutt misses the gargoyle.
The gargoyle is heavily damaged.
The gargoyle hits you with a +6 quarterstaff!
* * * LOW HITPOINT WARNING * * *
You feel yourself speed up.
The gargoyle hits you with a +6 quarterstaff!
* * * LOW HITPOINT WARNING * * *
The gargoyle hits you with a +6 quarterstaff.
* * * LOW HITPOINT WARNING * * *
The gargoyle hurls a stone arrow at you.
The stone arrow hits you!
You die...

##.........##.#.#.......[....
#####...######.#.........#.#.....
....'...#...#..#..#.#......'.....
#####...#.8.####..#.#...##.#.....
.....(..#...# #..###......#.....
#########.§§#######§.....#######.
# #......§§§§§§§§§...........'. #
#._...#§§§§§§§§§.###########. #
#$.....§9§§§@§§§...........#. ##
######...#######§§....#####... .#
#....#...# #..###)...#####... .#
#....#._.# #......)..+...#...
.###....#...#####.###....###.#...
.+......#####'......'............
.####........#####.##......#..#..
.'..'=.......+...#.##......#..#..
.####........###.#.#.......#..#..


You could see a gargoyle.

Vanquished Creatures
  Sigmund (D:3)
  A shadow (D:9)
  2 wyverns
  10 yaks (D:9)
  Eustachio (D:4)
  2 steam dragons
  Menkaure (D:4)
  A water moccasin (D:7)
  2 black bears
  2 ice beasts
  3 necrophages
  3 ogres
  3 centaurs
  3 phantoms
  4 kobold brigands
  A bullfrog (D:7)
  5 scorpions
  A wyvern zombie (D:7)
  2 water moccasin skeletons
  A howler monkey (D:7)
  A hound (D:5)
  A bullfrog skeleton (D:6)
  3 centaur zombies
  3 orc priests
  An iguana (D:4)
  3 orc wizards
  Natasha (D:2)
  2 hound skeletons (D:4)
  Robin (D:3)
  6 river rats (Sewer)
  10 adders
  A worm (D:4)
  24 orcs
  12 ball pythons
  4 bats
  3 endoplasms
  3 giant cockroaches
  19 goblins
  8 hobgoblins
  12 jackals
  2 quokkas
  3 frilled lizards
  31 kobolds
  25 rats
228 creatures vanquished.

Vanquished Creatures (others)
  A human (D:3)
  9 plants
10 creatures vanquished.

Grand Total: 238 creatures vanquished

Notes
Turn   | Place    | Note
-------+----------+-------------------------------------------
     0 | D:1      | Decritt the Minotaur Fighter began the quest for the Orb.
     0 | D:1      | Reached XP level 1. HP: 19/19 MP: 0/0
   122 | D:1      | Reached XP level 2. HP: 27/27 MP: 1/1
   183 | D:1      | Found Cizulilo's Distillery.
   225 | D:1      | Reached skill level 3 in Axes
   710 | D:2      | Reached XP level 3. HP: 29/33 MP: 2/2
   832 | D:2      | Found a hazy altar of Hepliaklqana.
  1478 | D:3      | Found a faded altar of an unknown god.
  1538 | D:3      | Noticed Sigmund
  1538 | D:3      | Noticed Natasha
  1772 | D:2      | Killed Natasha
  1773 | D:2      | Reached XP level 4. HP: 40/40 MP: 3/3
  1889 | D:3      | Killed Sigmund
  1890 | D:3      | Reached skill level 5 in Axes
  1890 | D:3      | Reached XP level 5. HP: 25/47 MP: 4/4
  2154 | D:3      | Found an opulent altar of Gozag.
  2257 | D:3      | Found a hide-covered altar of Uskayaw.
  2433 | D:3      | Noticed Robin
  2438 | D:3      | Reached XP level 6. HP: 54/55 MP: 5/5
  2446 | D:3      | Killed Robin
  2841 | D:3      | Found an ancient bone altar of Kikubaaqudgha.
  2844 | D:3      | Noticed a human
  2845 | D:3      | Killed a human
  2942 | D:4      | Reached skill level 5 in Shields
  2954 | D:4      | Reached skill level 5 in Fighting
  2988 | D:4      | Found a glowing drain.
  3013 | Sewer    | Entered a sewer
  3057 | Sewer    | Reached skill level 5 in Armour
  3512 | Sewer    | Reached skill level 6 in Axes
  3642 | Sewer    | Reached XP level 7. HP: 50/61 MP: 6/6
  4140 | D:4      | Found a burning altar of Makhleb.
  4210 | D:4      | Reached skill level 7 in Axes
  4327 | D:4      | Noticed Menkaure
  4332 | D:4      | Killed Menkaure
  4384 | D:4      | Reached XP level 8. HP: 24/70 MP: 7/7
  4615 | D:4      | Noticed Eustachio
  4647 | D:4      | Killed Eustachio
  5409 | D:4      | Found a stormy altar of Qazlal.
  5418 | D:4      | Found a white marble altar of Elyvilon.
  5653 | D:5      | Entered Level 5 of the Dungeon
  5681 | D:5      | Reached skill level 8 in Axes
  5937 | D:5      | Identified the +5 rapier of Bloody Death {antimagic,
                  | Stlth+}
  5998 | D:5      | Found a shimmering altar of Xom.
  6461 | D:6      | Found a staircase to the Ecumenical Temple.
  6465 | Temple   | Entered the Ecumenical Temple
  6506 | Temple   | Became a worshipper of the Shining One
  6684 | D:6      | Reached skill level 9 in Axes
  6941 | D:6      | Reached XP level 9. HP: 77/79 MP: 8/8
  7356 | D:6      | Reached skill level 10 in Axes
  7471 | D:7      | You fall into a shaft and drop 2 floors!
  7577 | D:9      | Reached skill level 11 in Axes
  7590 | D:9      | Reached XP level 10. HP: 10/90 MP: 9/9
  7593 | D:9      | HP: 3/90 [yak (8)]
  8420 | D:7      | Found a broken altar of Ashenzari.
  8421 | D:7      | Reached * piety under the Shining One
  9010 | D:7      | Reached skill level 12 in Axes
 10119 | D:8      | Found a faded altar of an unknown god.
 10120 | D:8      | Noticed a gargoyle
 10121 | D:8      | Found a hazy altar of Hepliaklqana.
 10137 | D:8      | Killed from afar by a gargoyle

Illustrated notes

Levels and vault maps discovered:
D:1:      lightli_arrival_flooded_house, layout_rooms, serial_shops,
          nicolae_shop_competitors_out_of_business
D:2:      layout_basic, basic_altar
D:3:      minmay_skewed_foursquare, layout_rooms, tgw_kikubaaqudgha,
          mainiacjoe_overflow_six_doors_small, mainiacjoe_overflow_alcove_4,
          shapermc_ecumenical_altar_totnotflames, serial_bayou,
          serial_bayou_lake_a, serial_bayou_lagoon_a, serial_bayou_shore_b,
          uniq_sigmund, uniq_natasha, uniq_robin
D:4:      cheibrodos_quashed, layout_loops_ring, kennysheep_mini_moat,
          makhleb_blood_cavern_becter, elyvilon_altar_4,
          cheibrodos_sewer_entry_bend, uniq_eustachio, uniq_menkaure
D:5:      layout_loops_ring, nicolae_overflow_hidden_temple, serial_rivers,
          chequers_serial_rivers_micro_a, chequers_serial_rivers_small_3,
          chequers_serial_rivers_small_b, chequers_serial_rivers_micro_c,
          dk_noncrumbling_3
D:6:      layout_basic, minmay_temple_entry_offerings,
          minmay_misc_feat_enclosed, grunt_decor_cap,
          chequers_serial_rivers_micro_d
D:7:      layout_rooms, nicolae_ashenzari_skybound, kennysheep_generic_room_7
D:8:      layout_basic, beargit_hepliaklqana_dungeon_heroes
D:9:      layout_basic, mainiacjoe_overflow_chevrons, minmay_misc_feat_doors
Temple:   jpeg_temple_island

Skill      XL: |  1  2  3  4  5  6  7  8  9 10 |
---------------+-------------------------------+-----
Axes           | 3 5 6 7 9 11 12 | 12.2
Fighting       | 4 5 6 7 8 9 |  9.3
Armour         | 4 5 6 7 8 9 |  9.2
Shields        | 4 5 6 7 8 9 |  9.3

Action                   |  1- 3 |  4- 6 |  7- 9 | 10-12 || total
-------------------------+-------+-------+-------+-------++-------
Melee: War axe           |    95 |   166 |   218 |   121 ||   600
       Headbutt          |     9 |    18 |    38 |    21 ||    86
Throw: Dart              |     1 |       |    75 |    75 ||   151
  Use: Scroll            |       |     7 |     2 |     3 ||    12
       Potion            |       |       |     2 |     2 ||     4
 Stab: Distracted        |       |     1 |       |       ||     1
Armor: Scale mail        |    50 |    73 |     5 |       ||   128
       Chain mail        |       |       |   140 |    40 ||   180
Dodge: Dodged            |    38 |    75 |    75 |    40 ||   228
Block: Buckler           |    16 |    29 |    52 |    30 ||   127

Table legend: (Time is in decaauts)
 A = Elapsed time spent in this place.
 B = Non-inter-level travel time spent in this place.
 C = Inter-level travel time spent in this place.
 D = Time resting spent in this place.
 E = Time spent auto-exploring this place.
 F = Levels seen in this place.
 G = Mean time per level.
                   A        B        C        D        E       F      G
               +--------+--------+--------+--------+--------+-----+--------+
         Total |  10329 |  10149 |    180 |   1694 |   6761 |  11 |  939.0 |
       Dungeon |   9019 |   8845 |    174 |   1538 |   5834 |   9 | 1002.1 |
        Temple |    246 |    240 |      6 |      0 |    229 |   1 |  246.0 |
         Sewer |   1064 |   1064 |      0 |    156 |    697 |   1 | 1064.0 |
               +--------+--------+--------+--------+--------+-----+--------+

Top non-repeatable levels by time:
     D:4: 1713 daAuts
     D:3: 1284 daAuts
     D:2: 1194 daAuts
   Sewer: 1064 daAuts
     D:7: 1000 daAuts
     D:8: 991 daAuts
     D:5: 815 daAuts
     D:6: 805 daAuts
     D:9: 660 daAuts
     D:1: 552 daAuts
  Temple: 246 daAuts
